 Dungeon Crawl Stone Soup version 0.28.0-45-g0d030f2227 (webtiles) character file.

Game seed: 8067672332720472483

86 protoss039 the Gusty (level 4, -1/24 HPs)
             Began as a Deep Elf Air Elementalist on Apr 1, 2022.
             Slain by an adder (4 damage)
             ... on level 2 of the Dungeon.
             The game lasted 00:02:50 (1873 turns).

protoss039 the Gusty (Deep Elf Air Elementalist)    Turns: 1873, Time: 00:02:51

Health: -1/24      AC:  2    Str:  5    XL:     4   Next: 27%
Magic:  3/11       EV: 13    Int: 22    God:
Gold:   71         SH:  0    Dex: 15    Spells: 4/10 levels left

rFire   . . .      SeeInvis .   b - staff of air
rCold   . . .      Faith    .   (no shield)
rNeg    . . .      Spirit   .   a - +0 robe
rPois   .          Reflect  .   (no helmet)
rElec   +          Harm     .   (no cloak)
rCorr   .          Rampage  .   (no gloves)
Will    .....                   (no boots)
Stlth   ++........              (no amulet)
HPRegen 0.08/turn               (no ring)
MPRegen 0.12/turn               (no ring)

@: no status effects
A: no striking features
a: no special abilities


You were on level 2 of the Dungeon.
You visited 1 branch of the dungeon, and saw 2 of its levels.

You collected 71 gold pieces.

Inventory:

Armour
 a - a +0 robe (worn)
Magical Staves
 b - a staff of air (weapon)
Jewellery
 c - an amulet of faith
Scrolls
 d - 2 scrolls of enchant weapon {unknown}
 e - 2 scrolls of identify {unknown}
 f - a scroll of noise {unknown}
 g - a scroll of teleportation {unknown}


   Skills:
 * Level 3.2 Dodging
 - Level 3.0 Stealth
 + Level 3.9 Spellcasting
 + Level 1.9 Conjurations
 + Level 3.9 Air Magic


You had 4 spell levels left.
You knew the following spells:

 Your Spells              Type           Power      Damage    Failure   Level
a - Shock                 Conj/Air       100%       1d9       3%          1
b - Static Discharge      Conj/Air       25%        N/A       5%          2
c - Swiftness             Air            32%        N/A       7%          3

Your spell library contained the following spells:

 Spells                   Type           Power      Damage    Failure   Level
 Ensorcelled Hibernation  Hex/Ice        8%         N/A       17%         2
 Passwall                 Tmut/Erth      3%         N/A       17%         2
 Airstrike                Air            16%        N/A       22%         4


Dungeon Overview and Level Annotations

Branches:
Dungeon (2/15)

Altars:

Shops:
D:1 (


Message History

You feel a surge of power!
The zap hits Terence.
Terence is almost dead.
Unknown command.
Casting: Shock (safe; 4% risk of failure)
Confirm with . or Enter, or press ? or * to list all spells.
Aiming: Shock (safe; 4% risk of failure)
Press: ? - help, Shift-Dir - straight line, f/p - Terence
Aim: Terence, wielding a +0 flail, wearing a +0 scale mail and carrying a wand of flame (27) (almost dead, 77% to hit)
You feel a surge of power!
The zap misses Terence.
Terence zaps a wand.
The puff of flame hits you!
Ouch! That really hurt!
* * * LOW HITPOINT WARNING * * *
Casting: Shock (safe; 4% risk of failure)
Confirm with . or Enter, or press ? or * to list all spells.
Aiming: Shock (safe; 4% risk of failure)
Press: ? - help, Shift-Dir - straight line, f/p - Terence
Aim: Terence, wielding a +0 flail, wearing a +0 scale mail and carrying a wand of flame (26) (almost dead, 77% to hit)
You feel a surge of power!
The zap hits the adder.
The adder is heavily wounded.
The zap hits Terence.
You kill Terence!
You have reached level 4!
You feel clever.
Unknown command.
You aren't carrying any potions.
Okay, then.
You aren't carrying any potions.
Casting: Shock (safe; 3% risk of failure)
Confirm with . or Enter, or press ? or * to list all spells.
Aiming: Shock (safe; 3% risk of failure)
Press: ? - help, Shift-Dir - straight line, f - adder
Aim: an adder (heavily wounded, 57% to hit)
Okay, then.
Casting: Shock (safe; 3% risk of failure)
Confirm with . or Enter, or press ? or * to list all spells.
Aiming: Shock (safe; 3% risk of failure)
Press: ? - help, Shift-Dir - straight line, f - adder
Aim: an adder (heavily wounded, 57% to hit)
You feel a surge of power!
The zap misses the adder.
The adder bites you.
You die...

###.####.....###.....###.....
#.....#..###.....#...##......
#.....#.## ####......##.#.#..
#.......#######.........#....
######.......##.#......##.##.
#.........#......#.##.###
#........รท...#...#..#.#
#............######...#
.........@..(## ###..###
###.......S..## #.......
#..........# #.......
..........## #.......
(.......). #.......
..........# ########
..........# ..........#
.........#


You could see an adder.

Vanquished Creatures
  Terence (D:2)
  Natasha (D:2)
  4 dart slugs
  An orc (D:2)
  An endoplasm (D:1)
  4 giant cockroaches
  3 goblins
  A hobgoblin (D:2)
  2 jackals (D:1)
  2 ball pythons (D:2)
  2 bats (D:1)
  A frilled lizard (D:1)
  7 rats
30 creatures vanquished.

Notes
Turn   | Place    | Note
-------+----------+-------------------------------------------
     0 | D:1      | protoss039 the Deep Elf Air Elementalist began the quest
                  | for the Orb.
     0 | D:1      | Reached XP level 1. HP: 10/10 MP: 6/6
   243 | D:1      | Reached XP level 2. HP: 12/15 MP: 4/8
   430 | D:1      | Found Uhamu's Antique Weapon Emporium.
   881 | D:1      | Learned a level 2 spell: Static Discharge
  1217 | D:1      | You fall into a shaft and drop 1 floor!
  1241 | D:2      | Reached XP level 3. HP: 17/19 MP: 5/9
  1245 | D:2      | Learned a level 3 spell: Swiftness
  1578 | D:2      | Noticed Natasha
  1582 | D:2      | Killed Natasha
  1864 | D:2      | Noticed Terence
  1871 | D:2      | Killed Terence
  1872 | D:2      | Reached XP level 4. HP: 3/24 MP: 3/11
  1873 | D:2      | Slain by an adder

Illustrated notes

Levels and vault maps discovered:
D:1:      dpeg_arrival_oval, layout_loops_corners,
          shapermc_ecumenical_altar_mp_highgroup, serial_shops,
          nicolae_shop_waterfront, chequers_serial_rivers_large_b, minivault_23
D:2:      layout_rooms, serial_shops, nicolae_shop_stone, uniq_natasha,
          uniq_sigmund, uniq_terence

Skill      XL: |  1  2  3 |
---------------+----------+-----
Dodging        | 3 |  3.2
Stealth        | 3 |  3.0
Spellcasting   | |  3.9
Conjurations   | |  1.9
Air Magic      | |  3.9

Action                   |  1- 3 |  4- 6 || total
-------------------------+-------+-------++-------
Melee: Unarmed           |     2 |       ||     2
       Staff             |     7 |       ||     7
 Cast: Shock             |    62 |     1 ||    63
       Static Discharge  |     2 |       ||     2
 Stab: Sleeping          |     1 |       ||     1
Armor: Robe              |     4 |       ||     4
Dodge: Dodged            |    16 |       ||    16
